 Dungeon Crawl Stone Soup version 0.30-a0-757-ga6a79fd877 (webtiles) character file.

Game seed: 16354522313828937723

662 sircluck the Chopper (level 7, -2/61 HPs)
             Began as a Hill Orc Fighter on Feb 9, 2023.
             Slain by a hound (4 damage)
             ... on level 6 of the Dungeon.
             The game lasted 00:05:44 (3342 turns).

sircluck the Chopper (Hill Orc Fighter)             Turns: 3342, Time: 00:05:44

Health: -2/61      AC: 13    Str: 21    XL:     7   Next: 56%
Magic:  7/7        EV:  5    Int:  8    God:
Gold:   184        SH:  8    Dex: 10    Spells: 6/6 levels left

rFire   . . .      SeeInvis .    a - +0 war axe
rCold   . . .      Faith    .    u - +0 kite shield
rNeg    . . .      Spirit   .    z - +0 plate armour
rPois   .          Reflect  .    (no helmet)
rElec   .          Harm     .    (no cloak)
rCorr   .          Rampage  .    (no gloves)
Will    .....                    i - +0 pair of boots Stlth
                                 (no amulet)
HPRegen 0.30/turn                (no ring)
MPRegen 0.10/turn                (no ring)

@: lethally poisoned (-2 -> -14)
A: no striking features
a: no special abilities


You were on level 6 of the Dungeon.
You visited 1 branch of the dungeon, and saw 5 of its levels.

You collected 184 gold pieces.

Inventory:

Hand Weapons
 a - a +0 war axe (weapon)
 r - a +0 dagger of venom
 s - a +0 sling
 H - a +0 hand axe
Missiles
 f - 8 poisoned darts (quivered)
 n - 23 stones
Armour
 b - a +0 scale mail
 c - a +0 buckler
 i - a +0 pair of boots (worn)
 p - the +5 ring mail "Uxzihait" {Will+ MP+9 Int-3}
   (You found it on level 2 of the Dungeon)

   Int:       It affects your intelligence (-3).
   MP:        It affects your magic capacity (+9).
   Will:      It increases your willpower.
 u - a +0 kite shield (worn)
 z - a +0 plate armour (worn)
Jewellery
 E - a ring of resist corrosion
Scrolls
 h - a scroll of butterflies {unknown}
 j - 5 scrolls of teleportation {unknown}
 k - a scroll of fear {unknown}
 l - a scroll of fog {unknown}
 v - a scroll of noise {unknown}
 w - 2 scrolls of immolation {unknown}
 x - 3 scrolls of magic mapping {unknown}
 y - a scroll of blinking {unknown}
 A - a scroll of silence {unknown}
 B - 2 scrolls of identify {unknown}
Potions
 d - 4 potions of might
 e - a potion of lignification {unknown}
 g - a potion of brilliance {unknown}
 m - a potion of flight {unknown}
 o - 2 potions of curing
 q - a potion of berserk rage {unknown}
 t - 3 potions of mutation {unknown}
 C - a potion of haste
 D - a potion of ambrosia {unknown}
 F - 3 potions of heal wounds {unknown}
 G - 2 potions of attraction {unknown}
 I - a potion of degeneration {unknown}


   Skills:
 + Level 5.1 Fighting
 + Level 7.7 Axes
 + Level 4.5 Armour
 + Level 2.0 Dodging
 + Level 0.3 Stealth
 + Level 4.2 Shields


You had 6 spell levels left.
You didn't know any spells.
Your spell library contained the following spells:

 Spells                   Type           Power      Damage    Failure   Level
 Apportation              Tloc           0%         N/A       100%        1
 Foxfire                  Conj/Fire      0%         2x1d4     100%        1
 Sublimation of Blood     Necr           0%         N/A       100%        2
 Wereblood                Tmut           0%         N/A       100%        2
 Alistair's Intoxication  Tmut/Pois      0%         N/A       100%        5
 Fireball                 Conj/Fire      0%         3d3       100%        5
 Starburst                Conj/Fire      0%         6d3       100%        6
 Summon Hydra             Summ           0%         N/A       100%        7


Dungeon Overview and Level Annotations

Branches:
Dungeon (6/15)
 Temple: D:4-7

Altars:
Nemelex Xobeh
Xom

Annotations:
D:6 Edmund


Message History

Edmund hits you with a +0 dire flail of protection.
The water moccasin barely misses you. Edmund barely misses you.
You barely miss Edmund.
Edmund is moderately wounded.
You hit the hound. You hit the water moccasin.
You feel sick. The water moccasin bites you.
You are more poisoned.
The water moccasin poisons you! You block the hound's attack.
You block the water moccasin's attack. Edmund completely misses you.
The hound bites you.
You miss the water moccasin.
The water moccasin is heavily wounded.
You hit Edmund. You hit the hound.
You feel very sick.
The water moccasin bites you but does no damage.
The hound bites you but does no damage.
Edmund hits you with a +0 dire flail of protection.
The water moccasin bites you.
You are lethally poisoned!
The water moccasin poisons you! You block the hound's attack.
You are too injured to fight recklessly!
You are too injured to fight recklessly!
The water moccasin attacks as you move away!
The water moccasin bites you but does no damage.
You feel extremely sick.
You feel very sick. The water moccasin bites you.
* * * LOW HITPOINT WARNING * * *
The hound bites you.
* * * LOW HITPOINT WARNING * * *
The hound attacks as you move away! The hound bites you but does no damage.
* * * LOW HITPOINT WARNING * * *
You feel very sick.
The water moccasin attacks as you move away!
You block the water moccasin's attack.
* * * LOW HITPOINT WARNING * * *
You feel very sick.
The water moccasin bites you but does no damage.
The hound bites you.
You die...

#..............#
#..............#
########.......#
#.......# #.......#+###
#...........#
#...........#
#######...........+
#.....#....@S.....#
#.....'.....h@....#
#.....#...........#
#.....#...........###+#
#########'####.l.......
#......#.........
#......#.........
########.....>...
..........


You could see Edmund, a water moccasin, an iguana and a hound.

Vanquished Creatures
  The ghost of porpoise the Vexing, an amateur DsEn (D:4)
  2 phantoms (D:4)
  A scorpion (D:4)
  Natasha (thrice) (D:4)
  4 gnolls (D:4)
  6 adders
  An ufetubus (D:4)
  A worm (D:4)
  A dart slug (D:1)
  2 orcs
  6 endoplasms
  5 giant cockroaches
  10 goblins
  5 hobgoblins
  2 jackals (D:4)
  5 quokkas
  11 ball pythons
  8 bats
  A frilled lizard (D:1)
  5 kobolds
  9 rats
89 creatures vanquished.

Vanquished Creatures (others)
  2 plants (D:2)
2 creatures vanquished.

Grand Total: 91 creatures vanquished

Notes
Turn   | Place    | Note
-------+----------+-------------------------------------------
     0 | D:1      | sircluck the Hill Orc Fighter began the quest for the Orb.
     0 | D:1      | Reached XP level 1. HP: 19/19 MP: 1/1
    87 | D:1      | Reached skill level 3 in Axes
    87 | D:1      | Reached XP level 2. HP: 22/27 MP: 2/2
   225 | D:1      | Reached XP level 3. HP: 33/33 MP: 3/3
   653 | D:1      | Found a faded altar of an unknown god.
  1180 | D:2      | Identified the +5 ring mail "Uxzihait" {Will+ MP+9 Int-3}
  1279 | D:2      | You fall into a shaft and drop 1 floor!
  1297 | D:3      | Reached skill level 4 in Axes
  1305 | D:3      | Reached XP level 4. HP: 28/40 MP: 4/4
  1628 | D:3      | Reached skill level 1 in Dodging
  2175 | D:4      | Noticed Natasha
  2182 | D:4      | Killed Natasha
  2183 | D:4      | Reached skill level 5 in Axes
  2183 | D:4      | Reached XP level 5. HP: 41/46 MP: 5/5
  2197 | D:4      | Noticed Natasha
  2207 | D:4      | Killed Natasha
  2319 | D:4      | Noticed porpoise's ghost (amateur DsEn)
  2353 | D:4      | Noticed Natasha
  2476 | D:4      | Found a runed translucent gate.
  2476 | D:4      | Found a runed translucent gate.
  2506 | D:4      | Killed Natasha
  2507 | D:4      | Reached XP level 6. HP: 32/53 MP: 6/6
  2589 | D:4      | Found a runed translucent gate.
  2638 | D:4      | Reached skill level 6 in Axes
  2689 | D:4      | Found a large runed translucent door.
  2689 | D:4      | Found a large runed translucent door.
  2964 | D:4      | Found a sparkling altar of Nemelex Xobeh.
  2968 | D:4      | Reached XP level 7. HP: 60/60 MP: 7/7
  2971 | D:4      | Found a shimmering altar of Xom.
  3026 | D:4      | Reached skill level 7 in Axes
  3038 | D:4      | Killed porpoise's ghost
  3039 | D:4      | Reached skill level 5 in Fighting
  3245 | D:4      | You fall into a shaft and drop 2 floors!
  3330 | D:6      | Noticed Edmund
  3342 | D:6      | HP: 2/61 [poisoned by a water moccasin]
  3342 | D:6      | Slain by a hound

Illustrated notes

Levels and vault maps discovered:
D:1:      dpeg_arrival_orchard, layout_basic,
          shapermc_ecumenical_altar_mp_vishouse
D:2:      layout_loops_ring, serial_forest, infiniplex_forest_straight_4,
          infiniplex_forest_clump_large, infiniplex_forest_clump_double,
          infiniplex_forest_straight_1, infiniplex_forest_join
D:3:      layout_rooms, minmay_fractal_squares_diagonal_5
D:4:      layout_cave_pools, jmf_multi_god_temple2, gammafunk_ghost_split,
          dk_vineyard_3, minmay_misc_feat_room, hangedman_minor_gate_pass,
          uniq_natasha
D:6:      layout_gridville, nicolae_sif_muna_condensation,
          minmay_temple_entry_drinking_statues, gammafunk_ghost_hive,
          water_boxes_lemuel, uniq_menkaure, uniq_edmund

Skill      XL: |  1  2  3  4  5  6  7 |
---------------+----------------------+-----
Axes           | 3 4 5 6 7 |  7.7
Fighting       | 4 5 |  5.1
Dodging        | 1 2 |  2.0
Armour         | 4 |  4.5
Shields        | 4 |  4.2
Stealth        | |  0.3

Action                     |  1- 3 |  4- 6 |  7- 9 || total
---------------------------+-------+-------+-------++-------
  Melee: War axe           |    92 |   155 |    37 ||   284
    Use: Potion            |       |       |     1 ||     1
 Armour: Scale mail        |    47 |       |       ||    47
         Ring mail         |    18 |    89 |    27 ||   134
         Plate armour      |       |       |     6 ||     6
  Dodge: Dodged            |    56 |    94 |    32 ||   182
  Block: Buckler           |    26 |    40 |    10 ||    76
         Kite shield       |       |       |     6 ||     6

Table legend: (Time is in decaauts)
 A = Elapsed time spent in this place.
 B = Non-inter-level travel time spent in this place.
 C = Inter-level travel time spent in this place.
 D = Time resting spent in this place.
 E = Time spent auto-exploring this place.
 F = Levels seen in this place.
 G = Mean time per level.
                   A        B        C        D        E       F      G
               +--------+--------+--------+--------+--------+-----+--------+
         Total |   3428 |   3075 |    353 |      0 |   2376 |   5 |  685.6 |
       Dungeon |   3428 |   3075 |    353 |      0 |   2376 |   5 |  685.6 |
               +--------+--------+--------+--------+--------+-----+--------+

Top non-repeatable levels by time:
     D:1: 1183 daAuts
     D:4: 1167 daAuts
     D:3: 856 daAuts
     D:2: 122 daAuts
     D:6: 98 daAuts
